 Dungeon Crawl Stone Soup version 0.30.1-9-gdf580d7c3d (webtiles) character file.

Game seed: 9664975801788862114

1691 leafyfresh the Grappler (level 8, -17/130 HPs)
             Began as a Troll Berserker on Oct 15, 2023.
             Was a Priest of Trog.
             Demolished by a two-headed ogre
             ... wielding a +0 giant club
              (21 damage)
             ... on level 6 of the Dungeon.
             The game lasted 00:06:18 (4675 turns).

leafyfresh the Grappler (Troll Berserker)           Turns: 4675, Time: 00:06:19

Health: -17/130    AC:  7    Str: 28    XL:     8   Next: 72%
Magic:  7/7        EV: 10    Int:  3    God:    Trog [***...]
Gold:   394        SH:  0    Dex:  9    Spells: 7/7 levels left

rFire   . .          .
                       - Unarmed
rCold   . . .        (no shield)
rNeg    + . .        z - +2 robe {Will+}
rPois   .            t - +1 hat
rElec   .            (no cloak)
rCorr   .            (gloves unavailable)
SInv    .            (boots unavailable)
Will    +....        (no amulet) Stlth
                     n - ring of positive energy
HPRegen 1.21/turn    (no ring)
MPRegen 0.10/turn

%: no passive effects
@: berserking, very quick
A: large, unfitting armour, claws 3, regeneration 1, shaggy fur 1, tough skin 1
a: Renounce Religion, Berserk, Trog's Hand


You were on level 6 of the Dungeon.
You worshipped Trog.
Trog was most pleased with you.
You visited 1 branch of the dungeon, and saw 6 of its levels.

You collected 394 gold pieces.

Inventory:

Hand Weapons
 B - a +7 club
Missiles
 i - 6 silver javelins (quivered)
Armour
 a - a +0 animal skin
 c - a +0 ring mail
 t - a +1 hat (worn)
 z - a +2 robe of willpower (worn)
Jewellery
 n - a ring of positive energy (left claw)
 q - an amulet of faith
Wands
 s - a wand of mindburst (19)
 w - a wand of flame (27)
 y - a wand of quicksilver (8)
 A - a wand of iceblast (3)
Scrolls
 e - 4 scrolls of teleportation
 h - 2 scrolls of immolation
 j - a scroll of torment {unknown}
 k - 2 scrolls of enchant weapon
 l - a scroll of magic mapping
 o - a scroll of poison
 u - a scroll of vulnerability
 v - a scroll of fear
 C - a scroll of fog {unknown}
Potions
 b - a potion of haste {unknown}
 d - 3 potions of degeneration {unknown}
 f - a potion of cancellation {unknown}
 g - 2 potions of curing {unknown}
 m - a potion of invisibility {unknown}
 p - a potion of resistance {unknown}
 r - 3 potions of lignification {unknown}
 x - a potion of heal wounds {unknown}
 D - a potion of flight {unknown}


   Skills:
 + Level 7.1 Fighting
 - Level 2.4 Dodging
 + Level 8.5 Unarmed Combat


You had 7 spell levels left.
You didn't know any spells.
Your spell library was empty.

Dungeon Overview and Level Annotations

Branches:
Dungeon (6/15)
 Temple: D:4-7

Altars:
Qazlal

Shops:
D:5 :


Innate Abilities, Weirdness & Mutations

You are too large for most types of armour.
You have claws for hands.
Your natural rate of healing is unusually fast.
You are covered in fur. (AC +1)
You have tough skin. (AC +1)


Message History

An iguana comes into view.
An iguana is nearby!
The iguana hisses angrily.
The iguana bites you.
An iguana is nearby!
You mangle the iguana!!
You kill the iguana!
Trog accepts your kill.
A two-headed ogre comes into view. It is wielding two +0 giant clubs.
The two-headed ogre hits you but does no damage.
The two-headed ogre barely misses you.
A two-headed ogre is nearby!
You claw the two-headed ogre!
The two-headed ogre is lightly wounded.
A two-headed ogre is nearby!
You scratch the two-headed ogre but do no damage.
The two-headed ogre is lightly wounded.
The two-headed ogre hits you with a +0 giant club! x2
A two-headed ogre is nearby!
You closely miss the two-headed ogre.
The two-headed ogre is lightly wounded.
The two-headed ogre hits you with a +0 giant club!!
The two-headed ogre hits you with a +0 giant club!
* * * LOW HITPOINT WARNING * * *
A red film seems to cover your vision as you go berserk!
You feel yourself moving faster!
You feel mighty!
Unknown command.
You claw the two-headed ogre!
The two-headed ogre is moderately wounded.
The two-headed ogre hits you with a +0 giant club!
* * * LOW HITPOINT WARNING * * *
The two-headed ogre barely misses you.
You mangle the two-headed ogre!!
The two-headed ogre is heavily wounded.
You mangle the two-headed ogre!!
The two-headed ogre is almost dead.
You barely miss the two-headed ogre.
The two-headed ogre is almost dead.
The two-headed ogre hits you with a +0 giant club!!
You die...

##... ##...# ####.....
#........ ##.##..... ##
###########......... .#.
................## #.#
#O#######..#.#####
##.###@# #..#<# # #......#
#..#.##### #..#####
#.......## #..# #.#####...
#..# #.# #... #..# #.#
#... #..# #.# #... #..#
#######.#####..#
####..#####...............


You could see a two-headed ogre.

Vanquished Creatures
  Pikel (D:4)
  Sigmund (D:6)
  Duvessa (D:4)
  An ice beast (D:5)
  A black bear (D:5)
  A centaur (D:4)
  4 lemures
  3 scorpions
  Dowan (D:4)
  A jelly (D:4)
  2 hounds
  3 orc priests
  Ijyb (D:5)
  3 iguanas
  2 orc wizards (D:6)
  3 adders
  A shadow imp (D:5)
  2 white imps
  An ufetubus (D:4)
  4 dart slugs
  31 orcs
  8 endoplasms
  4 goblins
  7 hobgoblins
  4 jackals
  A quokka (D:4)
  3 ball pythons (D:3)
  6 bats
  2 frilled lizards (D:1)
  14 kobolds
  5 rats
122 creatures vanquished.

Notes
Turn   | Place    | Note
-------+----------+-------------------------------------------
     0 | D:1      | leafyfresh the Troll Berserker began the quest for the Orb.
     0 | D:1      | Reached XP level 1. HP: 22/22 MP: 0/0
   296 | D:1      | Reached XP level 2. HP: 28/29 MP: 1/1
  1023 | D:2      | Reached ** piety under Trog
  1024 | D:2      | Reached XP level 3. HP: 37/37 MP: 2/2
  1705 | D:3      | Found a faded altar of an unknown god.
  1837 | D:3      | Reached skill level 4 in Unarmed Combat
  1840 | D:3      | Reached XP level 4. HP: 45/45 MP: 3/3
  2345 | D:4      | Noticed Duvessa
  2345 | D:4      | Noticed Dowan
  2345 | D:4      | Noticed a scorpion
  2477 | D:4      | Reached XP level 5. HP: 45/54 MP: 4/4
  2642 | D:4      | Noticed a centaur
  2653 | D:4      | Killed a centaur
  2654 | D:4      | Reached skill level 5 in Unarmed Combat
  2896 | D:4      | Killed Duvessa
  2897 | D:4      | Reached XP level 6. HP: 41/63 MP: 5/5
  2906 | D:4      | Killed Dowan
  3053 | D:4      | Reached *** piety under Trog
  3159 | D:4      | Reached skill level 5 in Fighting
  3159 | D:4      | Reached skill level 6 in Unarmed Combat
  3159 | D:4      | Reached XP level 7. HP: 24/72 MP: 6/6
  3228 | D:4      | Noticed Pikel
  3425 | D:4      | Killed Pikel
  3426 | D:4      | Reached skill level 7 in Unarmed Combat
  3627 | D:5      | Entered Level 5 of the Dungeon
  3663 | D:5      | Reached XP level 8. HP: 69/83 MP: 7/7
  3728 | D:5      | Noticed Ijyb
  3740 | D:5      | Killed Ijyb
  3777 | D:5      | Found Fudajad's Book Boutique.
  3860 | D:5      | Found a stormy altar of Qazlal.
  4308 | D:6      | Reached skill level 8 in Unarmed Combat
  4513 | D:6      | Noticed Sigmund
  4522 | D:6      | Killed Sigmund
  4666 | D:6      | Noticed a two-headed ogre
  4672 | D:6      | HP: 1/130 [two-headed ogre/+0 giant club (16)]
  4675 | D:6      | Demolished by a two-headed ogre

Illustrated notes

Levels and vault maps discovered:
D:1:      dpeg_arrival_oval, layout_basic, st_stairs_12
D:2:      layout_loops_ring, grunt_decor_arrowhead, kennysheep_generic_room_8
D:3:      layout_loops_cross, shapermc_ecumenical_altar_flowoftime,
          minmay_pentangle
D:4:      cheibrodos_pilgrimage, layout_layer_cave, minmay_door_square,
          uniq_duvessa, uniq_pikel
D:5:      layout_cave_pools, nicolae_qazlal_general_emergency, serial_shops,
          nicolae_shop_tiny_glass, minmay_fountain_box, uniq_ijyb
D:6:      layout_loops_ring, uniq_sigmund

Skill      XL: |  1  2  3  4  5  6  7  8 |
---------------+-------------------------+-----
Fighting       | 3 4 5 6 7 |  7.1
Unarmed Combat | 4 5 6 7 8 |  8.5
Dodging        | |  2.4

Action                     |  1- 3 |  4- 6 |  7- 9 || total
---------------------------+-------+-------+-------++-------
  Melee: Unarmed           |   116 |   126 |   116 ||   358
         Punch             |     1 |     3 |     3 ||     7
         Club              |       |       |    11 ||    11
 Invoke: Berserk           |       |       |     1 ||     1
    Use: Scroll            |       |       |     9 ||     9
 Armour: Animal skin       |    33 |    34 |     4 ||    71
         Robe              |       |       |    27 ||    27
  Dodge: Dodged            |    45 |    74 |    48 ||   167
